 Dungeon Crawl Stone Soup version 0.24.0-2-g5b39cebb1c (webtiles) character file.

Game seed: 2777642259884565917, levelgen mode: deterministic

253 Edwards80 the Sneak (level 6, -3/36 HPs)
             Began as a Kobold Assassin on Oct 30, 2019.
             Was a Believer of Elyvilon.
             Slain by a wyvern (11 damage)
             ... on level 4 of the Dungeon.
             The game lasted 00:13:11 (3892 turns).

Edwards80 the Sneak (Kobold Assassin)               Turns: 3892, Time: 00:13:11

Health: -3/36      AC:  8    Str:  8    XL:     6   Next: 37%
Magic:  6/6        EV: 10    Int: 13    God:    Elyvilon [**....]
Gold:   28         SH:  5    Dex: 18    Spells: 5/5 levels left

rFire    . . .     SeeInvis .   a - +2 dagger
rCold    . . .     Gourm    .   (shield restricted)
rNeg     . . .     Faith    .   g - +0 scale mail
rPois    .         Spirit   .   (no helmet)
rElec    .         Reflect  +   c - +0 cloak
rCorr    +         Harm     .   w - +0 pair of gloves
MR       .....                  (no boots)
Stlth    ++++......             q - +5 amulet of reflection
HPRegen  0.12/turn              b - ring of stealth
MPRegen  0.10/turn              l - ring of resist corrosion

@: no status effects
A: small, carnivore
a: Lesser Healing, Heal Other, Divine Protection, Renounce Religion


You were on level 4 of the Dungeon.
You worshipped Elyvilon.
Elyvilon was pleased with you.
You were completely stuffed.

You visited 1 branch of the dungeon, and saw 4 of its levels.

You collected 165 gold pieces.
You spent 137 gold pieces at shops.

Inventory:

Hand Weapons
 a - a +2 dagger (weapon)
Missiles
 d - 29 poisoned darts (quivered)
 e - 2 curare-tipped darts
Armour
 c - a +0 cloak (worn)
 g - a +0 scale mail (worn)
 w - a +0 pair of gloves (worn)
Jewellery
 b - a ring of stealth (left hand)
 l - a ring of resist corrosion (right hand)
 q - a +5 amulet of reflection (around neck)
Scrolls
 h - a scroll of amnesia {unknown}
 j - 4 scrolls of remove curse
 k - 2 scrolls of fog
 n - 2 scrolls of immolation
 p - a scroll of enchant weapon {unknown}
 u - a scroll of blinking {unknown}
 x - a scroll of magic mapping {unknown}
Potions
 m - a potion of brilliance
 s - a potion of flight
 t - a potion of invisibility {unknown}
 v - a potion of magic
Comestibles
 f - 8 rations


   Skills:
 + Level 2.8 Fighting
 * Level 5.4 Short Blades
 + Level 2.2 Throwing
 + Level 2.1 Dodging
 + Level 7.9 Stealth


You had 5 spell levels left.
You didn't know any spells.
Your spell library contained the following spells:

 Spells                   Type           Power        Failure   Level  Hunger
 Animate Skeleton         Necr           N/A          97%         1    ##.....
 Apportation              Tloc           #.....       97%         1    ##.....
 Confusing Touch          Hex            #.....       97%         1    ##.....
 Summon Small Mammal      Summ           #...         97%         1    ##.....


Dungeon Overview and Level Annotations

Branches:
Dungeon (4/15)
 Temple: D:4-7

Altars:
Elyvilon

Shops:
D:4 [[*%*


Innate Abilities, Weirdness & Mutations

You are small and have problems with some larger weapons.
You are carnivorous and can eat meat at any time.


Message History

You closely miss the wyvern. The wyvern bites you! The wyvern bites you.
Your scale mail prevents you from hitting the wyvern.
The wyvern barely misses you.
You closely miss the wyvern. The wyvern bites you!
You hit the wyvern but do no damage. The wyvern barely misses you.
You hit the wyvern.
The wyvern is lightly wounded.
You block the wyvern's attack. You block the wyvern's attack.
The wyvern closely misses you. The wyvern bites you.
* * * LOW HITPOINT WARNING * * *
You feel much better. The wyvern bites you! The wyvern bites you!
The wyvern bites you!
* * * LOW HITPOINT WARNING * * *
The worker ant bites you but does no damage.
All of the chunks of flesh in your inventory have rotted away.
Okay, then.
You feel better. The wyvern bites you!
You die...

##...#∩# #.##......#
##..#'###..###.....## #####
##....#..## #......# ##....
#.......# ##.....# ##....#
####...## #.....#####.....#
##..# ##.....#.......##
#..## ##.>...........#
##...## ###l...##'##.....##
####
##.....###.@a####...####...#
...###..........### #..†#
###.. ...............##†#
#...# #.##.
#..............'.[# #...#
#..'. #####..........##÷#
#..!# #.##. ##.###.......###
#...# ###.. ####.##
#.........##+#($$#+##...#
...#.#
##...........#####....###
....###
##.................###


You could see a wyvern and a worker ant.

Vanquished Creatures
  Blork the orc (D:4)
  A scorpion (D:4)
  A worker ant (D:4)
  A gnoll (D:1)
  An adder (D:4)
  An adder skeleton (D:4)
  4 dart slugs
  4 leopard geckos
  3 orcs (D:4)
  11 bats
  5 giant cockroaches
  7 hobgoblins
  6 jackals
  A quokka (D:2)
  4 frilled lizards
  5 goblins
  10 kobolds
  A leopard gecko skeleton (D:4)
  9 rats
76 creatures vanquished.

Notes
Turn   | Place    | Note
-------+----------+-------------------------------------------
     0 | D:1      | Edwards80 the Kobold Assassin began the quest for the Orb.
     0 | D:1      | Reached XP level 1. HP: 12/12 MP: 1/1
    65 | D:1      | Reached XP level 2. HP: 13/17 MP: 2/2
   306 | D:1      | Reached skill level 6 in Stealth
   306 | D:1      | Reached XP level 3. HP: 22/22 MP: 3/3
   914 | D:2      | Reached XP level 4. HP: 27/27 MP: 4/4
  1972 | D:3      | Reached skill level 7 in Stealth
  2002 | D:3      | Found a white marble altar of Elyvilon.
  2010 | D:3      | Became a worshipper of Elyvilon the Healer
  2165 | D:3      | Reached * piety under Elyvilon
  2536 | D:4      | Reached XP level 5. HP: 9/31 MP: 5/5
  2771 | D:4      | Reached ** piety under Elyvilon
  3071 | D:4      | Found Xeiluit's Antique Armour Shoppe.
  3074 | D:4      | Bought a pair of gloves for 112 gold pieces
  3138 | D:4      | Found Qav Fups's Food Shop.
  3143 | D:4      | Found Xyprept's Assorted Antiques.
  3155 | D:4      | Bought a red potion for 25 gold pieces
  3167 | D:4      | Found Vileng's Assorted Antiques.
  3177 | D:4      | Noticed Blork the orc
  3186 | D:4      | Killed Blork the orc
  3186 | D:4      | Reached XP level 6. HP: 36/36 MP: 6/6
  3198 | D:4      | Found Yseff's Armour Shoppe.
  3656 | D:4      | Reached skill level 5 in Short Blades
  3872 | D:4      | Noticed a wyvern
  3891 | D:4      | HP: 1/36 [wyvern (11)]
  3892 | D:4      | Slain by a wyvern

Levels and vault maps discovered:
D:1:      lemuel_arrival_rhombus, layout_loops_ring
D:2:      layout_basic, minmay_pentomino_z2
D:3:      layout_basic, elyvilon_altar_3
D:4:      layout_cave_pods, serial_shops, shop, shop, shop,
          kennysheep_mini_moat, kennysheep_mini, first_ration,
          minmay_divided_ellipse, uniq_blork_the_orc

Skill      XL: |  1  2  3  4  5  6 |
---------------+-------------------+-----
Short Blades   | 3 4 5 |  5.4
Stealth        | 6 7 |  7.9
Dodging        | 2 |  2.1
Fighting       | |  2.8
Throwing       | |  2.2

Action                   |  1- 3 |  4- 6 || total
-------------------------+-------+-------++-------
Melee: Dagger            |    75 |   199 ||   274
Invok: Lesser Healing    |       |     1 ||     1
  Use: Scroll            |     1 |     9 ||    10
       Potion            |       |     2 ||     2
 Stab: Sleeping          |     9 |    13 ||    22
  Eat: Chunk             |     8 |    10 ||    18
Armor: Scale mail        |    27 |    52 ||    79
Dodge: Dodged            |    33 |    87 ||   120
Block: Other             |       |    27 ||    27
